Workbook

Sheet PPC Application
A1: CONSTRUCTION RETENTION CALCULATION
A2: PROGRESS PAYMENT APPLICATION / CERTIFICATE
B4: Project | C4: Sample Project (replace)
B5: Employer | C5: Employer name
B6: Contractor | C6: Contractor name
B7: Contract reference | C7: Contract no.
B8: PPC number | C8: 3
B9: Period ending | C9: 2026-10-31
B10: Currency | C10: USD
B11: Original contract value | C11: 1000000
B12: Approved contract adjustment / VOs | C12: 30000
B13: Revised contract value | C13: =C11+C12 -> 1030000
B14: Initial advance payment | C14: 100000
B15: Retention deduction rate | C15: 0.1
B16: Retention cap rate | C16: 0.05
B17: Retention cap basis | C17: Original
B18: Claims subject to retention? | C18: No
B19: Employer deductions reduce retention base? | C19: No
A21: PAYMENT VALUATION | CUMULATIVE LESS PREVIOUS = THIS PERIOD
B22: Description | C22: Cumulative to date | D22: Previous certified | E22: This period
B23: Executed BOQ work | C23: 420000 | D23: 230000 | E23: =C23-D23 -> 190000
B24: Approved & executed VOs | C24: 30000 | D24: 20000 | E24: =C24-D24 -> 10000
B25: Approved and due contractor claims | C25: 10000 | D25: 0 | E25: =C25-D25 -> 10000
B26: SUBTOTAL: GROSS WORK VALUE | C26: =SUM(C23:C25) -> 460000 | D26: =SUM(D23:D25) -> 250000 | E26: =C26-D26 -> 210000
B28: Advance paid (memorandum; not added to work) | C28: =C14 -> 100000 | D28: =C14 -> 100000 | E28: =0 -> 0
B29: Advance recovery (deduction) | C29: 40000 | D29: 20000 | E29: =C29-D29 -> 20000
B30: Retention deduction / balance (deduction) | C30: =MIN(MAX(0,C40*C15),C41) -> 45000 | D30: =D40*C15 -> 25000 | E30: =C30-D30 -> 20000
B31: Employer claims / other deductions | C31: 0 | D31: 0 | E31: =C31-D31 -> 0
B32: SUBTOTAL: NET VALUE OF WORK | C32: =C26-SUM(C29:C31) -> 375000 | D32: =D26-SUM(D29:D31) -> 205000 | E32: =C32-D32 -> 170000
B34: Previously certified net amount (PPC reconciliation) | C34: =D32 -> 205000 | D34: =D32 -> 205000 | E34: =0 -> 0
B35: CURRENT PPC CERTIFIED VALUE | C35: =C32-C34 -> 170000 | D35: =0 -> 0 | E35: =C35 -> 170000
B37: Less: cash paid against current PPC | C37: 0 | D37: =0 -> 0 | E37: =C37 -> 0
B38: CURRENT PPC UNPAID / FOR ACCOUNTS | C38: =C35-C37 -> 170000 | D38: =0 -> 0 | E38: =C38 -> 170000
B40: Retention base (supporting calculation) | C40: =C23+C24+IF(C18="Yes",C25,0)-IF(C19="Yes",C31,0) -> 450000 | D40: =D23+D24+IF(C18="Yes",D25,0)-IF(C19="Yes",D31,0) -> 250000 | E40: =C40-D40 -> 200000
B41: Cumulative retention cap (supporting calculation) | C41: =IF(C17="Original",C11,C13)*C16 -> 50000 | D41: =C41 -> 50000 | E41: =C41 -> 50000
B42: Current retention (register cross-check) | C42: =C30-D30 -> 20000 | D42: =0 -> 0 | E42: =C42 -> 20000
B45: Notes: Previous figures refer to previous CERTIFIED amounts, not just bank payments.
B46: Retention claims & employer deductions are contract-dependent switches.
B47: Advance is shown for reference: it is NOT added again to certified work.

Sheet Retention Register
A1: RETENTION SCHEDULE | ATTACH TO PPC
A3: PPC No. | B3: BOQ to date | C3: VO to date | D3: Eligible claims to date | E3: Eligible employer offsets to date | F3: Retention to date
A4: 1 | B4: 150000 | C4: 0 | D4: 0 | E4: 0 | F4: =IF(A4="","",MIN(MAX(0,(B4+C4+IF('PPC Application'!$C$18="Yes",D4,0)-IF('PPC Application'!$C$19="Yes",E4,0))*'PPC Application'!$C$15),'PPC Application'!$C$41)) -> 15000
A5: 2 | B5: 230000 | C5: 20000 | D5: 0 | E5: 0 | F5: =IF(A5="","",MIN(MAX(0,(B5+C5+IF('PPC Application'!$C$18="Yes",D5,0)-IF('PPC Application'!$C$19="Yes",E5,0))*'PPC Application'!$C$15),'PPC Application'!$C$41)) -> 25000
A6: 3 | B6: 420000 | C6: 30000 | D6: 10000 | E6: 0 | F6: =IF(A6="","",MIN(MAX(0,(B6+C6+IF('PPC Application'!$C$18="Yes",D6,0)-IF('PPC Application'!$C$19="Yes",E6,0))*'PPC Application'!$C$15),'PPC Application'!$C$41)) -> 45000
F7: =IF(A7="","",MIN(MAX(0,(B7+C7+IF('PPC Application'!$C$18="Yes",D7,0)-IF('PPC Application'!$C$19="Yes",E7,0))*'PPC Application'!$C$15),'PPC Application'!$C$41))
F8: =IF(A8="","",MIN(MAX(0,(B8+C8+IF('PPC Application'!$C$18="Yes",D8,0)-IF('PPC Application'!$C$19="Yes",E8,0))*'PPC Application'!$C$15),'PPC Application'!$C$41))
F9: =IF(A9="","",MIN(MAX(0,(B9+C9+IF('PPC Application'!$C$18="Yes",D9,0)-IF('PPC Application'!$C$19="Yes",E9,0))*'PPC Application'!$C$15),'PPC Application'!$C$41))
F10: =IF(A10="","",MIN(MAX(0,(B10+C10+IF('PPC Application'!$C$18="Yes",D10,0)-IF('PPC Application'!$C$19="Yes",E10,0))*'PPC Application'!$C$15),'PPC Application'!$C$41))
F11: =IF(A11="","",MIN(MAX(0,(B11+C11+IF('PPC Application'!$C$18="Yes",D11,0)-IF('PPC Application'!$C$19="Yes",E11,0))*'PPC Application'!$C$15),'PPC Application'!$C$41))
F12: =IF(A12="","",MIN(MAX(0,(B12+C12+IF('PPC Application'!$C$18="Yes",D12,0)-IF('PPC Application'!$C$19="Yes",E12,0))*'PPC Application'!$C$15),'PPC Application'!$C$41))
F13: =IF(A13="","",MIN(MAX(0,(B13+C13+IF('PPC Application'!$C$18="Yes",D13,0)-IF('PPC Application'!$C$19="Yes",E13,0))*'PPC Application'!$C$15),'PPC Application'!$C$41))
F14: =IF(A14="","",MIN(MAX(0,(B14+C14+IF('PPC Application'!$C$18="Yes",D14,0)-IF('PPC Application'!$C$19="Yes",E14,0))*'PPC Application'!$C$15),'PPC Application'!$C$41))
F15: =IF(A15="","",MIN(MAX(0,(B15+C15+IF('PPC Application'!$C$18="Yes",D15,0)-IF('PPC Application'!$C$19="Yes",E15,0))*'PPC Application'!$C$15),'PPC Application'!$C$41))
F16: =IF(A16="","",MIN(MAX(0,(B16+C16+IF('PPC Application'!$C$18="Yes",D16,0)-IF('PPC Application'!$C$19="Yes",E16,0))*'PPC Application'!$C$15),'PPC Application'!$C$41))
F17: =IF(A17="","",MIN(MAX(0,(B17+C17+IF('PPC Application'!$C$18="Yes",D17,0)-IF('PPC Application'!$C$19="Yes",E17,0))*'PPC Application'!$C$15),'PPC Application'!$C$41))
F18: =IF(A18="","",MIN(MAX(0,(B18+C18+IF('PPC Application'!$C$18="Yes",D18,0)-IF('PPC Application'!$C$19="Yes",E18,0))*'PPC Application'!$C$15),'PPC Application'!$C$41))
... F23: =IF(A23="","",MIN(MAX(0,(B23+C23+IF('PPC Application'!$C$18="Yes",D23,0)-IF('PPC Application'!$C$19="Yes",E23,0))*'PPC Application'!$C$15),'PPC Application'!$C$41))
A26: RECONCILIATION WITH CURRENT PPC
A28: Latest cumulative retention | B28: =IFERROR(INDEX(F4:F23,MATCH('PPC Application'!C8,A4:A23,0)),0) -> 45000
A29: Previous cumulative retention | B29: =IFERROR(INDEX(F4:F23,MATCH('PPC Application'!C8-1,A4:A23,0)),0) -> 25000
A30: Current-period retention deduction | B30: =B28-B29 -> 20000
A32: Cap amount | B32: ='PPC Application'!C41 -> 50000
A33: Balance left before cap | B33: =MAX(0,B32-B28) -> 5000

Sheet Instructions
A3: HOW TO USE THE PPC WORKBOOK
A5: 1. Replace letterhead, project details and original/revised contract assumptions.
A6: 2. Choose cap basis: Original or Revised, based on the signed contract.
A7: 3. Decide whether approved claims or employer deductions belong in retention base.
A8: 4. Enter current cumulative and previous certified amounts on PPC Application.
A9: 5. Enter each PPC as one row in the retention register, with cumulative bases.
A10: 6. Reconcile this PPC retention with the register (row 42 / schedule row 30).
A11: 7. Accounts section separates certified amount from payments actually received.
A12: 8. The sample is illustrative and not a substitute for contract-specific certification.
